 Dungeon Crawl Stone Soup version 0.25.1-2-g60ff931df9 (webtiles) character file.

Game seed: 14488590465698612394

76998 DogServant the Quickloader (level 15, -2/96 HPs)
             Began as a Gargoyle Hunter on Oct 16, 2020.
             Was a High Priest of Okawaru.
             Slain by a wolf spider (5 damage)
             ... on level 1 of the Spider Nest.
             The game lasted 00:29:43 (21914 turns).

DogServant the Quickloader (Gargoyle Hunter)       Turns: 21914, Time: 00:29:44

Health: -2/96      AC: 18    Str: 24    XL:     15   Next: 55%
Magic:  23/23      EV: 11    Int: 11    God:    Okawaru [*****.]
Gold:   1391       SH:  0    Dex: 12    Spells: 14/14 levels left

rFire    + . .     SeeInvis .   n - +4 arbalest
rCold    + . .     Gourm    .   (shield currently unavailable)
rNeg     + . .     Faith    .   r - +0 plate armour {rPois}
rPois    ∞         Spirit   .   G - +0 helmet (curse)
rElec    +         Reflect  .   p - scarf {rC+ rF+}
rCorr    .         Harm     .   w - +0 pair of gloves {Str+3}
MR       +....                  (no boots)
Stlth    ..........             (no amulet)
HPRegen  0.26/turn              g - +4 ring of slaying
MPRegen  0.18/turn              i - +4 ring of slaying

@: confused, corroded
A: big wings, negative energy resistance 1, electricity resistance, unbreathing,
petrification resistance, rot immunity, AC +11
a: Fly, Heroism, Finesse, Renounce Religion


You were on level 1 of the Spider Nest.
You worshipped Okawaru.
Okawaru was extremely pleased with you.
You were not hungry.

You visited 4 branches of the dungeon, and saw 21 of its levels.

You collected 1391 gold pieces.

Inventory:

Hand Weapons
 n - a +4 arbalest (weapon)
 A - a +0 dire flail of holy wrath
 L - the +10 spear of the Volcano {elec, MP+9 Str+8 Int-2}
   (You found it on level 9 of the Dungeon)

   Occasionally, upon striking a foe, it will discharge some electrical energy
   and cause terrible harm.
   It affects your strength (+8).
   It affects your intelligence (-2).
   It affects your magic capacity (+9).
Missiles
 d - 173 bolts (quivered)
 K - a throwing net
Armour
 p - a scarf of resistance (worn)
 r - a +0 plate armour of poison resistance (worn)
 w - a +0 pair of gloves of strength (worn)
 B - a +1 scale mail of fire resistance
 G - a cursed +0 helmet (worn)
Jewellery
 c - an uncursed ring of protection from cold
 g - a +4 ring of slaying (left hand)
 i - a +4 ring of slaying (right hand)
 u - an uncursed ring of protection from magic
 D - a +6 ring of intelligence
 O - a +4 ring of protection
 R - an uncursed ring of protection from magic
 U - an uncursed ring of flight {unknown}
Wands
 h - a wand of clouds (7)
 s - a wand of flame (33)
 x - a wand of random effects (54)
 C - a wand of acid (6)
 T - a wand of paralysis (7)
Scrolls
 e - 8 scrolls of teleportation
 j - 6 scrolls of enchant armour
 k - 7 scrolls of remove curse
 y - 6 scrolls of amnesia
 E - 2 scrolls of immolation
 P - a scroll of blinking
Potions
 b - a potion of brilliance
 l - 3 potions of haste
 m - 4 potions of degeneration
 o - 2 potions of magic
 q - 3 potions of curing
 t - 5 potions of stabbing
 z - 6 potions of might
 F - a potion of berserk rage
 H - 3 potions of lignification
 I - 2 potions of ambrosia
 M - 4 potions of flight {unknown}
 N - 2 potions of mutation {unknown}
Comestibles
 f - 32 rations


   Skills:
 - Level 12.2 Fighting
 - Level 6.1 Maces & Flails
 + Level 6.5 Polearms
 + Level 13.6 Crossbows
 - Level 5.2 Armour
 + Level 9.4 Dodging
 - Level 1.1 Stealth
 + Level 11.2 Invocations
 - Level 5.1 Evocations


You had 14 spell levels left.
You didn't know any spells.
Your spell library was empty.

Dungeon Overview and Level Annotations

Branches:
Dungeon (13/15)            Temple (1/1) D:4            Lair (6/6) D:8
 Shoals (0/4) Lair:2       Spider (1/4) Lair:4        Slime (0/5) Lair:5
    Orc (0/2) D:10
 Vaults: D:13-14

Altars:
Ashenzari
Cheibriados
Dithmenos
Elyvilon
Fedhas
Gozag
Hepliaklqana
Kikubaaqudgha
Makhleb
Nemelex Xobeh
Okawaru
Qazlal
Ru
Sif Muna
Trog
Uskayaw
Vehumet
Wu Jian
Xom
Yredelemnul
Zin
The Shining One
Beogh
Jiyva

Annotations:
D:3 3 runed translucent doors, lysyklops's ghost, amateur MiFi
D:10 1 runed translucent door
Lair:5 4 runed translucent doors, Mumum's ghost, journeyman DrFE


Innate Abilities, Weirdness & Mutations

You are resistant to torment.
Your stone body is resilient. (AC +11)
You are immune to poison.
Your large and strong wings let you fly indefinitely.
You resist negative energy. (rN+)
You are resistant to electric shocks. (rElec)
You can survive without breathing.
You are immune to petrification.
You are immune to rotting.


Message History

The demonic crawler closely misses you. The demonic crawler barely misses you.
The redback closely misses you.
The redback bites you but does no damage.
The wolf spider hits you!
* * * LOW HITPOINT WARNING * * *
The wolf spider closely misses you. The tarantella barely misses you.
In your confused state, you trip and fall back down the stairs.
* * * LOW HITPOINT WARNING * * *
The demonic crawler closely misses you.
The demonic crawler hits you but does no damage.
The demonic crawler barely misses you. The entropy weaver misses you.
The entropy weaver hits you.
* * * LOW HITPOINT WARNING * * *
The entropy weaver barely misses you.
The entropy weaver hits you but does no damage.
The redback bites you but does no damage. x2
The wolf spider hits you.
* * * LOW HITPOINT WARNING * * *
The wolf spider bites you.
You die...

#... %...
..... $...)
......
####....#≈
#[ss....≈.
#s@.[.....
#ssa......
#..........
##.#.(.....
## ......^
......#
#.≈(.(#
≈≈##^#


You could see an entropy weaver, a demonic crawler, a wolf spider, a tarantella
and 2 redbacks.

Vanquished Creatures
  Erolcha (D:11)
  3 hydras
  A catoblepas (Lair:6)
  Erica (D:8)
  3 two-headed ogres
  4 death yaks (Lair:6)
  2 cyclopes
  2 manticores
  12 elephants (Lair:6)
  A gargoyle (D:10)
  4 black mambas
  8 spiny frogs
  2 rime drakes
  5 komodo dragons
  4 polar bears (Lair:6)
  3 trolls
  A jumping spider (Lair:4)
  A merfolk (D:9)
  4 hornets (Lair:6)
  17 blink frogs
  6 dream sheep (Lair:6)
  8 hippogriffs
  A redback (Lair:4)
  12 spriggans (Lair:6)
  2 wyverns (Lair:5)
  Sigmund (D:4)
  A wraith (D:12)
  36 yaks
  3 basilisks
  3 vampire mosquitoes (D:13)
  2 hungry ghosts
  12 water moccasins
  Edmund (D:4)
  A soldier ant (D:11)
  3 porcupines
  6 orc warriors
  7 sky beasts
  6 black bears
  3 phantoms
  12 ice beasts
  4 boggarts (Lair:6)
  22 wolves
  3 ogres
  7 centaurs
  12 crocodiles
  14 bullfrogs
  A wyvern zombie (D:11)
  6 scorpions
  8 killer bees
  A water moccasin skeleton (D:5)
  13 wights
  3 electric eels
  7 crimson imps
  A centaur zombie (D:7)
  3 howler monkeys (D:8)
  A bullfrog zombie (D:12)
  A quasit (D:6)
  2 bullfrog skeletons (D:10)
  7 hounds
  2 jellies
  9 orc priests
  12 orc wizards
  3 centaur skeletons
  Ijyb (D:4)
  2 iguanas
  10 worker ants
  3 hound zombies
  2 hound skeletons
  A howler monkey zombie (D:6)
  A howler monkey skeleton (D:6)
  A worker ant zombie (D:11)
  Robin (D:2)
  11 gnolls
  15 adders
  3 shadow imps
  2 oozes
  An adder zombie (D:5)
  4 worms
  6 dart slugs
  10 leopard geckos
  37 orcs
  6 bats
  2 giant cockroaches
  11 goblins
  9 hobgoblins
  21 jackals
  11 kobolds
  7 quokkas
  4 ball pythons
  6 frilled lizards
  7 rats
  A fungus (Lair:6)
543 creatures vanquished.

Vanquished Creatures (others)
  A hound (Lair:1)
  A fungus (Lair:6)
  2 plants (Lair:6)
  4 toadstools (D:1)
8 creatures vanquished.

Grand Total: 551 creatures vanquished

Notes
Turn   | Place    | Note
-------+----------+-------------------------------------------
     0 | D:1      | DogServant the Gargoyle Hunter began the quest for the Orb.
     0 | D:1      | Reached XP level 1. HP: 12/12 MP: 1/1
   237 | D:1      | Reached XP level 2. HP: 18/18 MP: 2/2
  1049 | D:2      | Reached XP level 3. HP: 21/23 MP: 3/3
  1087 | D:2      | Reached XP level 4. HP: 19/29 MP: 4/4
  1089 | D:2      | Reached skill level 5 in Crossbows
  1199 | D:2      | Reached XP level 5. HP: 20/33 MP: 5/5
  1419 | D:2      | Noticed Robin
  1454 | D:2      | Killed Robin
  2197 | D:3      | Found a runed translucent gate.
  2197 | D:3      | Found a runed translucent gate.
  2197 | D:3      | Found a runed translucent gate.
  2205 | D:3      | Noticed lysyklops's ghost (amateur MiFi)
  2462 | D:3      | Reached XP level 6. HP: 40/40 MP: 6/6
  2496 | D:3      | Reached skill level 5 in Fighting
  2934 | D:3      | Reached skill level 6 in Crossbows
  3107 | D:4      | Found a staircase to the Ecumenical Temple.
  3107 | D:4      | Noticed Sigmund
  3404 | D:4      | Noticed Ijyb
  3412 | D:4      | Killed Ijyb
  3581 | D:4      | Noticed Edmund
  3593 | D:4      | Reached skill level 1 in Maces & Flails
  3593 | D:4      | Reached XP level 7. HP: 45/45 MP: 7/7
  3599 | D:4      | Killed Edmund
  3599 | D:4      | Reached skill level 1 in Evocations
  3786 | D:4      | Killed Sigmund
  3996 | D:4      | Found a sparkling altar of Nemelex Xobeh.
  4164 | D:5      | Entered Level 5 of the Dungeon
  4360 | D:5      | Reached skill level 1 in Armour
  4461 | D:5      | Reached XP level 8. HP: 52/52 MP: 9/9
  5328 | Temple   | Entered the Ecumenical Temple
  5333 | Temple   | Became a worshipper of Warmaster Okawaru
  5649 | D:6      | Reached XP level 9. HP: 56/56 MP: 12/12
  5657 | D:6      | Reached skill level 5 in Maces & Flails
  5690 | D:6      | Reached * piety under Okawaru
  6107 | D:6      | Reached skill level 5 in Armour
  6177 | D:6      | Reached skill level 5 in Evocations
  6391 | D:6      | Got a jewelled leather armour
  6398 | D:6      | Identified the cursed +0 leather armour of the Insatiable
                  | Nights {MR+} (You found it on level 6 of the Dungeon)
  6709 | D:7      | Reached skill level 1 in Invocations
  7277 | D:8      | Reached ** piety under Okawaru
  7293 | D:8      | Reached XP level 10. HP: 63/63 MP: 13/13
  7404 | D:8      | Reached skill level 7 in Crossbows
  7573 | D:8      | Noticed Erica
  7584 | D:8      | Killed Erica
  7584 | D:8      | Reached *** piety under Okawaru
  7754 | D:8      | Found a staircase to the Lair.
  8038 | D:9      | Received a gift from Okawaru
  8038 | D:9      | Reached skill level 5 in Invocations
  8086 | D:9      | Noticed a two-headed ogre
  8092 | D:9      | Killed a two-headed ogre
  8092 | D:9      | Received a gift from Okawaru
  8092 | D:9      | Reached **** piety under Okawaru
  8342 | D:9      | Reached skill level 8 in Crossbows
  8449 | D:9      | Noticed a two-headed ogre
  8455 | D:9      | Killed a two-headed ogre
  8455 | D:9      | Reached skill level 5 in Dodging
  8455 | D:9      | Reached XP level 11. HP: 55/69 MP: 15/15
  8467 | D:9      | Got a bloodstained spear
  8468 | D:9      | Identified the +10 spear of the Volcano {elec, MP+9 Str+8
                  | Int-2} (You found it on level 9 of the Dungeon)
  8875 | D:9      | Reached ***** piety under Okawaru
  8875 | D:9      | Received a gift from Okawaru
  9157 | D:10     | Entered Level 10 of the Dungeon
  9517 | D:10     | Found a roughly hewn altar of Beogh.
  9517 | D:10     | Found a staircase to the Orcish Mines.
  9541 | D:10     | HP: 1/69 [orc priest/divine providence (15)]
  9964 | D:10     | Found a glowing silver altar of Zin.
  9965 | D:10     | Found a runed translucent door.
  9965 | D:10     | Noticed an angel
 10127 | D:10     | Reached skill level 9 in Crossbows
 10713 | D:10     | Noticed a two-headed ogre
 10721 | D:10     | Killed a two-headed ogre
 10721 | D:10     | Received a gift from Okawaru
 11555 | D:11     | Received a gift from Okawaru
 11721 | D:11     | Noticed Erolcha
 11726 | D:11     | Killed Erolcha
 11726 | D:11     | Reached XP level 12. HP: 75/75 MP: 18/18
 11911 | D:11     | Received a gift from Okawaru
 11911 | D:11     | Reached skill level 10 in Crossbows
 13920 | Lair:1   | Entered Level 1 of the Lair of Beasts
 13940 | Lair:1   | Received a gift from Okawaru
 14082 | Lair:1   | Found a gate leading to a gauntlet.
 14166 | Lair:1   | Reached skill level 11 in Crossbows
 14431 | Lair:1   | Reached skill level 10 in Fighting
 15798 | Lair:2   | Noticed a seven-headed hydra
 15805 | Lair:2   | Killed a seven-headed hydra
 16045 | Lair:2   | Found a staircase to the Shoals.
 16447 | Lair:3   | Reached XP level 13. HP: 84/84 MP: 19/19
 16457 | Lair:3   | Reached skill level 12 in Crossbows
 17483 | Lair:4   | Found a hole to the Spider Nest.
 18580 | Lair:5   | Reached skill level 1 in Polearms
 18856 | Lair:5   | Found a runed translucent gate.
 18856 | Lair:5   | Found a runed translucent gate.
 18857 | Lair:5   | Found a runed translucent gate.
 18868 | Lair:5   | Received a gift from Okawaru
 19091 | Lair:5   | Found a runed translucent door.
 19091 | Lair:5   | Found a viscous altar of Jiyva.
 19091 | Lair:5   | Found a staircase to the Slime Pits.
 19091 | Lair:5   | Noticed an acid blob
 19091 | Lair:5   | Noticed an acid blob
 19327 | Lair:5   | Noticed Mumum's ghost (journeyman DrFE)
 19395 | Lair:6   | Entered Level 6 of the Lair of Beasts
 19610 | Lair:6   | Received a gift from Okawaru
 19757 | Lair:6   | Reached skill level 10 in Invocations
 19929 | Lair:6   | Reached skill level 13 in Crossbows
 20241 | Lair:6   | Gained mutation: Your large and strong wings let you fly
                  | indefinitely. [Gargoyle growth]
 20241 | Lair:6   | Reached XP level 14. HP: 78/91 MP: 21/21
 20957 | Lair:6   | Reached skill level 5 in Polearms
 20984 | Lair:6   | Received a gift from Okawaru
 21692 | Lair:6   | Reached XP level 15. HP: 96/96 MP: 1/23
 21906 | Spider:1 | Entered Level 1 of the Spider Nest
 21914 | Spider:1 | HP: 3/96 [wolf spider (3)]
 21914 | Spider:1 | Slain by a wolf spider

Illustrated notes

Levels and vault maps discovered:
D:1:      ldierk_walled_garden_2, layout_loops_corners
D:2:      layout_loops_ring, first_ration, uniq_robin
D:3:      kennysheep_big_flooded_room, layout_loops_ring,
          gammafunk_ghost_necromancy, minmay_goblin_kobold_house
D:4:      layout_cave_pods, old_standard_altar,
          minmay_temple_entry_stoned_glass, uniq_ijyb, uniq_edmund, uniq_sigmund
D:5:      kennysheep_six_static_rooms, layout_basic
D:6:      layout_basic, serial_park_tiny_pond, minmay_fractal_squares_diagonal_5
D:7:      layout_loops_ring, minmay_chambers_of_fives
D:8:      layout_rooms, lair_entry_dummy, uniq_erica
D:9:      layout_cave_pools, hangedman_fish_farm
D:10:     layout_loops_corners, david_orc_5, lemuel_angel_altar
D:11:     layout_cave_pods, portal_ice_cave_entry_ice_beasts, water_maze_lemuel,
          uniq_erolcha
D:12:     layout_loops_ring
D:13:     minmay_five_octagons, layout_irregular_city
Temple:   grunt_wide_crystal_templ
Lair:1:   beast_lair_carwin_large_2, layout_gridlike, gauntlet_entry_generic
Lair:2:   wander_river, layout_regular_city, minmay_shoals_entry_centaurs
Lair:3:   layout_cave_shapes, st_stairs_8, infiniplex_staircase_pool_2
Lair:4:   layout_concentric_octagons, spider_nest_entry_a
Lair:5:   layout_regular_city, slime_altar_2, gammafunk_ghost_necromancy,
          grunt_megastairs_5
Lair:6:   minmay_lair_end_enchanted_forest, layout_hall_layers
Spider:1: layout_spider_delve, uniq_asterion

Skill      XL: |  1  2  3  4  5  6  7  8  9 10 11 12 13 14 |
---------------+-------------------------------------------+-----
Fighting       | 3 4 5 6 7 8 11 12 | 12.2
Crossbows      | 5 6 8 9 11 13 | 13.6
Maces & Flails | 1 2 4 6 |  6.1
Evocations     | 2 4 5 |  5.1
Armour         | 1 4 5 |  5.2
Invocations    | 3 6 8 9 10 11 | 11.2
Dodging        | 3 5 7 8 9 |  9.4
Polearms       | 4 6 |  6.5
Stealth        | |  1.1

Action                   |  1- 3 |  4- 6 |  7- 9 | 10-12 | 13-15 || total
-------------------------+-------+-------+-------+-------+-------++-------
Melee: Short sword       |    36 |   134 |       |       |       ||   170
       Flail             |       |    45 |     3 |       |       ||    48
       Dire flail        |       |       |   194 |   418 |    48 ||   660
       Spear             |       |       |       |    10 |    99 ||   109
       Hand crossbow     |       |       |       |     1 |       ||     1
       Arbalest          |       |       |       |       |     1 ||     1
       Punch             |       |       |       |       |     1 ||     1
 Fire: Hand crossbow     |    30 |    27 |    22 |   351 |       ||   430
       Arbalest          |       |       |       |       |   328 ||   328
Invok: Heroism           |       |       |     1 |     7 |     8 ||    16
       Finesse           |       |       |       |     3 |     2 ||     5
Evoke: Wand              |       |       |       |       |     1 ||     1
  Use: Potion            |     1 |       |       |     2 |     1 ||     4
       Scroll            |       |     3 |    10 |    17 |     8 ||    38
  Eat: Chunk             |       |     9 |     8 |    20 |    11 ||    48
       Ration            |       |       |     1 |     4 |     1 ||     6
Armor: Leather armour    |    30 |   100 |    15 |       |       ||   145
       Scale mail        |       |       |   120 |   314 |   211 ||   645
       Plate armour      |       |       |       |       |    33 ||    33
Dodge: Dodged            |    32 |   125 |   135 |   381 |   310 ||   983
